 Dungeon Crawl Stone Soup version 0.20-a0-299-gec7c366 (webtiles) character file.

222 Da5id the Ducker (level 5, -3/41 HPs)
             Began as a Demonspawn Gladiator on Dec 15, 2016.
             Slain by a kobold (4 damage)
             ... on level 2 of the Dungeon.
             The game lasted 00:02:47 (3805 turns).

Da5id the Ducker (Demonspawn Gladiator)             Turns: 3805, Time: 00:02:48

Health: -3/41      AC:  6    Str: 16    XL:     5   Next: 66%
Magic:  5/5        EV: 13    Int:  9    God:
Gold:   131        SH:  0    Dex: 14    Spells: 4/4 levels left

rFire  . . .     SeeInvis .     a - +0 war axe
rCold  . . .     Gourm    .     b - +0 leather armour
rNeg   . . .     Faith    .     (no shield)
rPois  .         Spirit   .     c - +0 helmet
rElec  .         Reflect  .     (no cloak)
rCorr  .         Harm     .     (no gloves)
MR     .....                    (no boots)
Stlth  +.........               (no amulet)
                                (no ring)
                                (no ring)

@: no status effects
A: talons 1, thin metallic scales 1
a: no special abilities


You were on level 2 of the Dungeon.
You were very hungry.

You visited 1 branch of the dungeon, and saw 2 of its levels.

You collected 131 gold pieces.

Inventory:

Hand Weapons
 a - a +0 war axe (weapon)
Missiles
 d - 4 throwing nets (quivered)
Armour
 b - a +0 leather armour (worn)
 c - a +0 helmet (worn)
 k - a +1 pair of boots
Jewellery
 t - a +3 ring of evasion {unknown}
Scrolls
 e - a scroll of teleportation {unknown}
 g - a scroll of enchant armour {unknown}
 h - a scroll of blinking {unknown}
 i - 3 scrolls of identify {unknown}
 l - a scroll of fear {unknown}
 m - a scroll of immolation {unknown}
 n - 2 scrolls of remove curse {unknown}
 o - a scroll of amnesia {unknown}
 q - a scroll of magic mapping {unknown}
 r - a scroll of enchant weapon {unknown}
Potions
 j - 2 potions of lignification
 s - a potion of agility {unknown}
 u - a potion of haste {unknown}
Comestibles
 f - 2 bread rations
 p - a slice of pizza


   Skills:
 + Level 3.4 Fighting
 + Level 3.5 Axes
 + Level 3.2 Throwing
 + Level 3.7 Dodging


You had 4 spell levels left.
You didn't know any spells.

Dungeon Overview and Level Annotations

Branches:
Dungeon (2/15)

Altars:

Annotations:
D:2 1 runed door


Innate Abilities, Weirdness & Mutations

You have sharp toenails.
You are partially covered in thin metallic scales. (AC +2)


Message History

The jackal bites you.
* * * LOW HITPOINT WARNING * * *
The jackal bites you but does no damage.
The jackal barely misses you. The kobold hits you.
* * * LOW HITPOINT WARNING * * *
The jackal barely misses you. The jackal bites you.
* * * LOW HITPOINT WARNING * * *
The jackal bites you but does no damage.
The kobold misses you. The jackal closely misses you. The jackal misses you.
The jackal barely misses you. The jackal barely misses you.
The jackal completely misses you. The kobold closely misses you.
The jackal barely misses you.
The jackal bites you but does no damage.
The jackal bites you.
* * * LOW HITPOINT WARNING * * *
The jackal bites you.
* * * LOW HITPOINT WARNING * * *
The kobold hits you.
You die...

##### #.##. #..# #...#
#.... #..######.#.#######.
....................
#..#.#.##.#.#######.
#..#..............).
#..########.########
#.K..........#.....#
#@h.........#.###..
#hh................
..###...........#.####.
......................#.
..##.#####.#.#####....'.
#.# #.#.# ####.#. #.#
#.#.#####......
#######.#####.#.......#....
#.............'.......#....


You could see 3 jackals and a kobold.

Vanquished Creatures
  An ogre (D:2)
  2 adders (D:2)
  4 gnolls
  3 oozes
  A worm (D:2)
  2 dart slugs
  3 leopard geckos
  2 giant cockroaches (D:2)
  11 hobgoblins
  4 jackals (D:2)
  7 kobolds
  6 bats
  2 frilled lizards (D:1)
  8 goblins
  7 rats
63 creatures vanquished.

Notes
Turn   | Place    | Note
-------+----------+-------------------------------------------
     0 | D:1      | Da5id the Demonspawn Gladiator began the quest for the Orb.
     0 | D:1      | Reached XP level 1. HP: 16/16 MP: 1/1
   297 | D:1      | Gained mutation: You are partially covered in thin metallic scales. (AC +2) [demonic ancestry]
   297 | D:1      | Reached XP level 2. HP: 22/22 MP: 2/2
   944 | D:1      | Reached XP level 3. HP: 25/28 MP: 3/3
  1688 | D:2      | Gained mutation: You have sharp toenails. [demonic ancestry]
  1688 | D:2      | Reached XP level 4. HP: 29/34 MP: 4/4
  2769 | D:2      | Found a runed door.
  3239 | D:2      | Reached XP level 5. HP: 30/41 MP: 5/5
  3381 | D:2      | Noticed an ogre
  3390 | D:2      | Killed an ogre
  3805 | D:2      | HP: 1/41 [jackal (2)]
  3805 | D:2      | Slain by a kobold

Vault maps used:
D:1:      saegor_arrival_simple_d
D:2:      first_bread, uniq_crazy_yiuf_cottage

Skill      XL: |  1  2  3  4  5 |
---------------+----------------+-----
Throwing       | 2 3 |  3.2
Axes           | 3 |  3.5
Dodging        | 3 |  3.7
Fighting       | 3 |  3.4

Action                   |  1- 3 |  4- 6 || total
-------------------------+-------+-------++-------
Melee: War axe           |   102 |   107 ||   209
       Kick              |       |    23 ||    23
  Use: Potion            |     1 |     1 ||     2
 Stab: Sleeping          |       |     1 ||     1
  Eat: Chunk             |     2 |     6 ||     8
Armor: Leather armour    |    49 |   101 ||   150
       Skin              |       |     1 ||     1
Dodge: Dodged            |    95 |   235 ||   330
